 Dungeon Crawl Stone Soup version 0.29-a0-838-g385bb11a5b (webtiles) character file.

Game seed: 15394607972693796403

104 killozap the Conjurer (level 4, 0/28 HPs)
             Began as an Octopode Conjurer on July 13, 2022.
             Slain by a gnoll sergeant
             ... wielding a +1 spear of venom
              (4 damage)
             ... on level 3 of the Dungeon.
             The game lasted 00:05:16 (2873 turns).

killozap the Conjurer (Octopode Conjurer)           Turns: 2873, Time: 00:05:17

Health: 0/28       AC:  5    Str:  6    XL:     4   Next: 80%
Magic:  0/7        EV: 13    Int: 22    God:
Gold:   119        SH:  0    Dex: 10    Spells: 2/8 levels left

rFire   . . .      SeeInvis .   q - +3 quarterstaff (chaos)
rCold   + . .      Faith    .   (shield currently unavailable)
rNeg    . . .      Spirit   .   (helmet restricted)
rPois   .          Reflect  .   (no amulet)
rElec   .          Harm     .   l - ring of protection from cold
rCorr   .          Rampage  .   g - +4 ring of protection
Will    .....                   t - ring of wizardry
Stlth   +++.......              (no ring)
HPRegen 0.09/turn               (no ring)
MPRegen 0.10/turn               (no ring)
                                (no ring)
                                (no ring)

@: lethally poisoned (0 -> -8)
A: almost no armour, amphibious, 8 rings, camouflage 1, gelatinous body 1,
(nimble swimmer 1), tentacles
a: no special abilities


You were on level 3 of the Dungeon.
You visited 1 branch of the dungeon, and saw 4 of its levels.

You collected 119 gold pieces.

Inventory:

Hand Weapons
 m - a +1 short sword of draining
 q - a +3 quarterstaff of chaos (weapon)
 r - a +4 hammer
Jewellery
 e - a ring of fire
 g - a +4 ring of protection (right tentacle)
 l - a ring of protection from cold (left tentacle)
 t - a ring of wizardry (on tentacle)
Scrolls
 c - 3 scrolls of immolation {unknown}
 d - a scroll of enchant armour {unknown}
 f - a scroll of fear {unknown}
 s - 2 scrolls of identify {unknown}
 v - a scroll of torment {unknown}
Potions
 a - a potion of magic
 b - 3 potions of curing {unknown}
 h - a potion of flight {unknown}
 i - a potion of resistance {unknown}
 j - 2 potions of heal wounds {unknown}
 k - 3 potions of attraction {unknown}
 n - a potion of invisibility {unknown}
 o - a potion of might {unknown}
 p - a potion of haste {unknown}
 u - a potion of cancellation {unknown}
 w - a potion of lignification {unknown}


   Skills:
 + Level 1.6 Fighting
 + Level 2.7 Dodging
 - Level 2.6 Stealth
 + Level 2.6 Spellcasting
 * Level 4.9 Conjurations


You had 2 spell levels left.
You knew the following spells:

 Your Spells              Type           Power      Damage    Failure   Level
a - Magic Dart            Conj           96%        1d7       1%          1
b - Searing Ray           Conj           48%        2d6       1%          2
c - Dazzling Flash        Conj/Hex       26%        N/A       6%          3

Your spell library contained the following spells:

 Spells                   Type           Power      Damage    Failure   Level
 Fulminant Prism          Conj/Hex       6%         3d7       19%         4
 Iskenderun's Mystic Bla  Conj/Tloc      13%        2d5       19%         4


Dungeon Overview and Level Annotations

Branches:
Dungeon (4/15)
 Temple: D:4-7

Altars:


Innate Abilities, Weirdness & Mutations

You cannot wear most types of armour.
You are amphibious.
You can wear up to eight rings at the same time.
Your skin changes colour to match your surroundings (Stealth+).
Your rubbery body absorbs attacks. (AC +1, EV +1)
((You are camouflaged when in or above water. (Stealth+)))
You have tentacles for arms and can constrict up to eight enemies at once.


Message History

The gnoll sergeant barely misses you.
You hit the gnoll sergeant. You burn the gnoll sergeant.
Your squeeze misses the gnoll sergeant.
The gnoll sergeant is moderately wounded.
You constrict the gnoll sergeant, but do no damage.
You feel very sick. The gnoll sergeant misses you.
You hit the gnoll sergeant. You squeeze the gnoll sergeant.
The gnoll sergeant is heavily wounded.
You constrict the gnoll sergeant.
You feel sick. The gnoll sergeant closely misses you.
You catch the helpless gnoll sergeant completely off-guard!
You hit the gnoll sergeant.
The gnoll sergeant is severely wounded.
You constrict the gnoll sergeant, but do no damage.
You feel sick.
The gnoll sergeant escapes!
You feel sick.
The gnoll sergeant is no longer blind.
The gnoll sergeant hits you with a +1 spear of venom.
You are lethally poisoned!
There is an open door, spattered with blood here.
Casting: Dazzling Flash (quite dangerous; 6% risk of failure)
Confirm with . or Enter, or press ? or * to list all spells.
Aiming: Searing Ray (safe; 1% risk of failure)
Press: ? - help, Shift-Dir - straight line, f - gnoll sergeant
Aim: a gnoll sergeant, wielding a +1 spear of venom and wearing a +0 scale mail (severely wounded, unusually agile, 71% to hit)
The searing ray hits the gnoll sergeant.
The gnoll sergeant is almost dead. (Press . to maintain the ray.)
You feel very sick. The gnoll sergeant barely misses you.
The searing ray hits the gnoll sergeant.
The gnoll sergeant is almost dead.
* * * LOW HITPOINT WARNING * * *
You feel very sick.
The gnoll sergeant completely misses you.
Without enough magic to sustain it, your searing ray dissipates.
* * * LOW HITPOINT WARNING * * *
You feel sick.
The gnoll sergeant hits you with a +1 spear of venom.
You die...

#.# #.# #..## #.##†# #
#####.# #.# #..# #.##.# #
......# #.# ####
####.######### ##########.#
♣♣♣♣♣♣ #...†....... #
#.....# ♣)...♣♣ ##..........
#.###.######..♣♣♣########...
#.# ####...#..).♣♣♣ #... #.#
##...#.♣....♣♣### #... #.#
#.)..@..........# #... #.#
##..g#..♣..)♣♣#(# #... #.#
#...#....♣♣♣ #)###... #.#
#####..♣♣♣ #....... #)#####
♣...)♣♣ ###..... #...<.#
♣♣♣♣♣♣ #......# #######
.........# #####..#.# #..#.#


You could see a gnoll sergeant (agile).

Vanquished Creatures
  Crazy Yiuf (D:2)
  A gnoll (D:3)
  A worm (D:2)
  2 dart slugs
  5 bats
  8 endoplasms
  2 giant cockroaches
  3 goblins
  5 hobgoblins
  6 jackals
  4 ball pythons
  5 frilled lizards
  6 kobolds
  6 rats
55 creatures vanquished.

Notes
Turn   | Place    | Note
-------+----------+-------------------------------------------
     0 | D:1      | killozap the Octopode Conjurer began the quest for the Orb.
     0 | D:1      | Reached XP level 1. HP: 11/11 MP: 3/3
   237 | D:1      | Reached XP level 2. HP: 18/18 MP: 0/5
   865 | D:1      | Found a faded altar of an unknown god.
   928 | D:1      | Reached XP level 3. HP: 22/22 MP: 4/6
  1007 | D:1      | Reached skill level 1 in Fighting
  1215 | D:2      | Learned a level 2 spell: Searing Ray
  2238 | D:2      | Found a runed translucent door.
  2239 | D:2      | Noticed Crazy Yiuf
  2246 | D:2      | Killed Crazy Yiuf
  2247 | D:2      | Reached XP level 4. HP: 28/28 MP: 1/7
  2542 | D:3      | Learned a level 3 spell: Dazzling Flash
  2696 | D:3      | You fall into a shaft and drop 1 floor!
  2857 | D:3      | Noticed a gnoll sergeant
  2857 | D:3      | Found the +3 woodcutter's axe {vorpal}
  2873 | D:3      | Slain by a gnoll sergeant

Illustrated notes

Levels and vault maps discovered:
D:1:      dpeg_arrival_fog, layout_loops_ring, basic_ecumenical_altar,
          nrook_mini_backslash
D:2:      layout_basic, uniq_crazy_yiuf_cottage
D:3:      layout_loops_ring, pf_guarded_unrand_woodcutter, uniq_jessica
D:4:      layout_basic, elyvilon_altar_3, lexackson_kobold_supper

Skill      XL: |  1  2  3 |
---------------+----------+-----
Fighting       | 1 |  1.6
Dodging        | |  2.7
Stealth        | |  2.6
Spellcasting   | |  2.6
Conjurations   | |  4.9

Action                   |  1- 3 |  4- 6 || total
-------------------------+-------+-------++-------
Melee: Unarmed           |     5 |       ||     5
       Short sword       |    15 |       ||    15
       Constrict         |     6 |     3 ||     9
       Tentacles         |     2 |     3 ||     5
       Dagger            |     1 |       ||     1
       Quarterstaff      |       |    13 ||    13
 Cast: Magic Dart        |    70 |    26 ||    96
       Searing Ray       |     2 |     2 ||     4
       Dazzling Flash    |       |     1 ||     1
 Stab: Invisible         |       |     2 ||     2
Armor: Skin              |       |     3 ||     3
Dodge: Dodged            |    11 |    13 ||    24

Table legend: (Time is in decaauts)
 A = Elapsed time spent in this place.
 B = Non-inter-level travel time spent in this place.
 C = Inter-level travel time spent in this place.
 D = Time resting spent in this place.
 E = Time spent auto-exploring this place.
 F = Levels seen in this place.
 G = Mean time per level.
                   A        B        C        D        E       F      G
               +--------+--------+--------+--------+--------+-----+--------+
         Total |   2874 |   2835 |     39 |     48 |   2446 |   4 |  718.5 |
       Dungeon |   2874 |   2835 |     39 |     48 |   2446 |   4 |  718.5 |
               +--------+--------+--------+--------+--------+-----+--------+

Top non-repeatable levels by time:
     D:1: 1211 daAuts
     D:2: 1104 daAuts
     D:3: 549 daAuts
     D:4: 8 daAuts
